 Dungeon Crawl Stone Soup version 0.27-a0-1083-gcf8293e1eb (webtiles) character file.

Game seed: 9943840117990113318

1568 Gaff the Magician (level 8, -7/58 HPs)
             Began as a Djinni Venom Mage on Apr 26, 2021.
             Was a Priest of Zin.
             Splashed by a jelly's acid (10 damage)
             ... on level 7 of the Dungeon.
             The game lasted 00:20:58 (5314 turns).

Gaff the Magician (Djinni Venom Mage)               Turns: 5314, Time: 00:20:59

Health: -7/58      AC: -4    Str:  7    XL:     8   Next: 90%
Gold:   225        EV: 11    Int: 19    God:    Zin [***...] SH:  0 Dex: 14

rFire    + + .     SeeInvis +   s - +2 flail (antimagic)
rCold    x . .     Faith    .   (no shield)
rNeg     . . .     Spirit   .   n - +0 leather armour
rPois    ∞         Reflect  .   (no helmet)
rElec    .         Harm     .   (no cloak)
rCorr    .         Rampage  .   (no gloves)
Will     .....                  (boots unavailable)
Stlth    ++........             b - amulet of regeneration
HPRegen  1.19/turn              p - ring of see invisible
MPRegen  0.00/turn              (no ring)

@: corroded, flying
A: fire resistance 2, cold vulnerability 1, float, innate caster, hp casting,
extra vitality 1
a: Renounce Religion, Recite, Vitalisation, Imprison, Donate Gold


You were on level 7 of the Dungeon.
You worshipped Zin.
Zin was most pleased with you.
You visited 1 branch of the dungeon, and saw 7 of its levels.

You collected 249 gold pieces.
You donated 24 gold pieces to Zin.

Inventory:

Hand Weapons
 d - a +0 dagger
 m - a +2 dagger of venom
 o - a +0 short sword of draining
 s - a +2 antimagic flail (weapon)
 t - a +3 dagger
 y - a +1 whip of venom
 C - a +2 dagger of venom
Missiles
 g - 84 stones
 u - 12 boomerangs
 x - 2 throwing nets
Armour
 a - a +0 robe
 n - a +0 leather armour (worn)
Jewellery
 b - an amulet of regeneration (around neck)
 p - a ring of see invisible (left hand)
 w - a ring of magical power
Scrolls
 e - a scroll of torment
 f - 2 scrolls of fear
 i - a scroll of magic mapping
 v - a scroll of teleportation {unknown}
 A - a scroll of amnesia
Potions
 h - 2 potions of heal wounds {unknown}
 j - a potion of curing
 k - 2 potions of berserk rage {unknown}
 l - a potion of magic {unknown}
 q - 2 potions of attraction
 r - a potion of haste {unknown}
 z - 3 potions of lignification {unknown}
 B - 2 potions of brilliance {unknown}
 D - a potion of degeneration {unknown}


   Skills:
 - Level 4.0 Fighting
 + Level 4.9 Armour
 - Level 2.2 Dodging
 - Level 1.6 Stealth
 * Level 6.8 Spellcasting
 + Level 3.7 Invocations


You had one spell level left.
You knew the following spells:

 Your Spells              Type           Power      Damage    Failure   Level
a - Sting                 Tmut/Pois      100%       1d8       1%          1
b - Poisonous Vapours     Pois/Air       64%        N/A       1%          2
c - Mephitic Cloud        Conj/Pois/Air  32%        N/A       2%          3
d - Ignite Poison         Fire/Tmut/Pois 32%        N/A       2%          3
e - Olgreb's Toxic Radia  Pois           32%        N/A       9%          4
f - Sandblast             Erth           64%        2d14      1%          1
g - Corpse Rot            Necr/Air       N/A        N/A       1%          2
h - Portal Projectile     Hex/Tloc       64%        N/A       2%          3
Your spell library was empty.

Dungeon Overview and Level Annotations

Branches:
Dungeon (7/15)
 Temple: D:4-7

Altars:
Makhleb
Zin


Innate Abilities, Weirdness & Mutations

You are immune to poison.
Your flesh is very heat resistant. (rF++)
You are vulnerable to cold. (rC-)
You float through the air rather than walking.
You learn spells naturally, not from books.
Your magical power is your life essence.
You have superior vitality. (+4 HP)


Message History

* * * LOW HITPOINT WARNING * * *
The centaur is engulfed in poison gas.
The centaur looks as sick as possible!
The centaur shoots an arrow.
The arrow hits you.
* * * LOW HITPOINT WARNING * * *
The jelly closely misses you.
There is a stone staircase leading down here.
You hit the jelly.
Your hands burn!
* * * LOW HITPOINT WARNING * * *
The jelly is moderately wounded.
You kill the centaur!
The jelly hits you.
* * * LOW HITPOINT WARNING * * *
You are splashed with acid!
* * * LOW HITPOINT WARNING * * *
The jelly hits you.
* * * LOW HITPOINT WARNING * * *
The acid corrodes you!
You are splashed with acid!
* * * LOW HITPOINT WARNING * * *
You fly downwards.
Found a scroll labelled LOK BAUDINWYSI, 16 stones, 21 arrows and a scale mail.
Found a stone staircase leading down.
There is a stone staircase leading up here.
Casting: Poisonous Vapours (safe; 1% risk of failure)
Confirm with . or Enter, or press ? or * to list all spells.
Aiming: Sandblast (safe; 1% risk of failure)
Press: ? - help, Shift-Dir - straight line, f - jelly
Aim: a jelly (moderately wounded, 100% to hit)
Okay, then.
You feel better. The jelly hits you.
* * * LOW HITPOINT WARNING * * *
You are splashed with acid!
* * * LOW HITPOINT WARNING * * *
You aren't carrying any items that you can evoke.
There's no appreciative audience!
You barely miss the jelly.
The jelly is moderately wounded.
The jelly hits you.
* * * LOW HITPOINT WARNING * * *
The acid corrodes you!
You are splashed with acid!
You die...

#. .# .## . ..
.. .#.#..# [
(..#..## #.#
#...... .
..>.###.... ...
.........#..###
.......@.......
......J........
.##.###?...(###
.. ...#..# .
#..#..# #..# .#
...# . #.## ..


You could see a jelly.

Vanquished Creatures
  A black bear (D:5)
  A sky beast (D:5)
  A necrophage (D:5)
  2 ogres
  3 centaurs
  A phantom (D:5)
  A scorpion (D:5)
  A wyvern skeleton (D:5)
  A water moccasin skeleton (D:5)
  A hound (D:5)
  2 jellies (D:5)
  A centaur skeleton (D:5)
  3 iguanas
  Ijyb (D:3)
  7 orc wizards
  A hound skeleton (D:4)
  A howler monkey zombie (D:4)
  Robin (D:3)
  3 gnolls (D:5)
  5 adders
  A howler monkey skeleton (D:6)
  3 worms
  2 dart slugs
  18 orcs
  5 endoplasms
  A giant cockroach (D:4)
  13 goblins
  14 hobgoblins
  15 jackals
  6 kobolds
  2 quokkas
  3 ball pythons (D:2)
  5 bats
  6 frilled lizards
  4 rats
136 creatures vanquished.

Notes
Turn   | Place    | Note
-------+----------+-------------------------------------------
     0 | D:1      | Gaff the Djinni Venom Mage began the quest for the Orb.
     0 | D:1      | Reached XP level 1. HP: 15/15 MP: 0/0
   179 | D:1      | Reached skill level 3 in Spellcasting
   333 | D:1      | Reached XP level 2. HP: 21/21 MP: 0/0
   671 | D:1      | Found a faded altar of an unknown god.
   676 | D:1      | Became a worshipper of Zin the Law-Giver
   676 | D:1      | Reached * piety under Zin
   860 | D:1      | Reached XP level 3. HP: 26/26 MP: 0/0
   860 | D:1      | Learned a level 1 spell: Sandblast
  1196 | D:2      | Reached skill level 1 in Fighting
  1196 | D:2      | Reached skill level 1 in Armour
  1511 | D:2      | Reached XP level 4. HP: 31/32 MP: 0/0
  1780 | D:3      | Noticed Ijyb
  1788 | D:3      | Killed Ijyb
  1789 | D:3      | Reached skill level 4 in Spellcasting
  1789 | D:3      | Reached XP level 5. HP: 22/38 MP: 0/0
  1789 | D:3      | Learned a level 2 spell: Corpse Rot
  1830 | D:3      | Reached ** piety under Zin
  1847 | D:3      | Noticed Robin
  1853 | D:3      | Killed Robin
  1941 | D:3      | Reached XP level 6. HP: 42/45 MP: 0/0
  3018 | D:4      | Reached *** piety under Zin
  3346 | D:4      | Reached skill level 5 in Spellcasting
  3346 | D:4      | Reached XP level 7. HP: 47/49 MP: 0/0
  3346 | D:4      | Learned a level 3 spell: Portal Projectile
  3592 | D:4      | Reached skill level 1 in Invocations
  4208 | D:5      | Entered Level 5 of the Dungeon
  4376 | D:5      | Reached XP level 8. HP: 56/56 MP: 0/0
  4414 | D:5      | Reached skill level 6 in Spellcasting
  5034 | D:5      | Found a burning altar of Makhleb.
  5311 | D:6      | HP: 1/58 [acid (7)]
  5314 | D:7      | Splashed by a jelly's acid

Illustrated notes

Levels and vault maps discovered:
D:1:      giann_horns, layout_loops_ring, ebering_ecumenical_altar_webs,
          amethyst_killhole, chequers_jeans
D:2:      layout_loops_cross
D:3:      layout_rooms, minmay_pentangle, uniq_ijyb, uniq_robin
D:4:      layout_basic, minmay_manual_mares
D:5:      layout_gridville, makhleb_blood_cavern_becter
D:6:      layout_basic, kennysheep_opposing_triangles
D:7:      layout_basic, lemuel_round_altar, jmf_multi_god_temple,
          lemuel_temple_firewalk_a, kennysheep_nondescript

Skill      XL: |  1  2  3  4  5  6  7  8 |
---------------+-------------------------+-----
Spellcasting   | 3 4 5 6 |  6.8
Fighting       | 1 2 3 4 |  4.0
Armour         | 1 2 3 4 |  4.9
Invocations    | 2 3 |  3.7
Dodging        | |  2.2
Stealth        | |  1.6

Action                   |  1- 3 |  4- 6 |  7- 9 || total
-------------------------+-------+-------+-------++-------
Melee: Dagger            |     9 |    10 |       ||    19
       Flail             |       |     4 |    28 ||    32
 Cast: Sting             |    13 |       |       ||    13
       Poisonous Vapours |    34 |    82 |    53 ||   169
       Sandblast         |     1 |     6 |    27 ||    34
       Ignite Poison     |       |     4 |     2 ||     6
       Mephitic Cloud    |       |     3 |     4 ||     7
       Portal Projectile |       |       |     1 ||     1
  Use: Scroll            |       |     4 |     1 ||     5
       Potion            |       |       |     1 ||     1
 Stab: Sleeping          |     1 |       |       ||     1
Armor: Robe              |     1 |     2 |       ||     3
       Leather armour    |       |     1 |    15 ||    16
Dodge: Dodged            |     4 |    18 |    33 ||    55

Table legend: (Time is in decaauts)
 A = Elapsed time spent in this place.
 B = Non-inter-level travel time spent in this place.
 C = Inter-level travel time spent in this place.
 D = Time resting spent in this place.
 E = Time spent auto-exploring this place.
 F = Levels seen in this place.
 G = Mean time per level.
                   A        B        C        D        E       F      G
               +--------+--------+--------+--------+--------+-----+--------+
         Total |   5325 |   5110 |    215 |   1220 |   2944 |   7 |  760.7 |
       Dungeon |   5325 |   5110 |    215 |   1220 |   2944 |   7 |  760.7 |
               +--------+--------+--------+--------+--------+-----+--------+

Top non-repeatable levels by time:
     D:4: 1415 daAuts
     D:1: 1089 daAuts
     D:5: 1043 daAuts
     D:3: 1008 daAuts
     D:2: 700 daAuts
     D:6: 65 daAuts
     D:7: 1 daAuts
